 Dungeon Crawl Stone Soup version 0.29-a0-334-gb41bcbb86e (webtiles) character file.

Game seed: 14171750076308484746

6 spaghetti the Magician (level 2, -2/21 HPs)
             Began as a Djinni Summoner on Apr 14, 2022.
             Slain by an endoplasm (3 damage)
             ... on level 1 of the Dungeon.
             The game lasted 00:00:36 (607 turns).

spaghetti the Magician (Djinni Summoner)             Turns: 607, Time: 00:00:36

Health: -2/21      AC:  2    Str:  7    XL:     2   Next: 0%
Gold:   30         EV: 12    Int: 16    God:
                   SH:  0    Dex: 13

rFire   + + .      SeeInvis .   c - +0 hand axe {axe}
rCold   x . .      Faith    .   (no shield)
rNeg    . . .      Spirit   .   a - +0 robe
rPois   ∞          Reflect  .   (no helmet)
rElec   .          Harm     .   (no cloak)
rCorr   .          Rampage  .   (no gloves)
Will    .....                   (boots unavailable)
Stlth   ++........              (no amulet)
HPRegen 0.07/turn               (no ring)
MPRegen 0.00/turn               (no ring)

@: flying
A: sickness immunity, fire resistance 2, cold vulnerability 1, float, innate
caster, HP casting, extra vitality 1
a: no special abilities


You were on level 1 of the Dungeon.
You visited 1 branch of the dungeon, and saw 1 of its levels.

You collected 30 gold pieces.


Innate Abilities, Weirdness & Mutations

You are immune to sickness and miasma.
You are immune to poison.
Your flesh is very heat resistant. (rF++)
You are vulnerable to cold. (rC-)
You float through the air rather than walking.
You learn spells naturally, not from books.
Your magical power is your life essence.
You have superior vitality. (+4 MHP)


   Skills:
 - Level 2.1 Dodging
 - Level 1.5 Stealth
 + Level 3.5 Spellcasting


You couldn't memorise any spells.
You knew the following spells:

 Your Spells              Type           Power      Damage    Failure   Level
a - Summon Small Mammal   Summ           56%        N/A       4%          1
b - Call Imp              Summ           14%        N/A       6%          2
c - Call Canine Familiar  Summ           14%        N/A       12%         3
d - Summon Guardian Gole  Hex/Summ       14%        N/A       12%         3
e - Summon Lightning Spi  Summ/Air       14%        N/A       38%         4
Your spell library was empty.

Inventory:

Hand Weapons
 c - a +0 hand axe (weapon) {axe}
   (You found it on level 1 of the Dungeon)
Armour
 a - a +0 robe (worn)
Potions
 b - a potion of resistance {unknown}
 d - a potion of curing {unknown}

Dungeon Overview and Level Annotations

Branches:
Dungeon (1/15)

Altars:

##. .......†.....###.#
.................# #.#
#.............#.# #.#
...#########.#.###+#
...# #.#.##...
#.#######.#.##... #
#.........#.##...
#.#.##.######..#.##...
#...J@.# #..#......
##..gr## #..#......
#.b..#######..#......
.....g##..............
#.....S##.......###....
........##.......# ###..
........##.....[.# #..
.........#######.#####..
#.#......


You could see an endoplasm, 2 hobgoblins, a ball python, a friendly bat
(summoned) and a friendly rat (summoned).


Message History

There is an escape hatch in the floor here.
d - a purple potion
Found a stone staircase leading down.
You now have 16 gold pieces (gained 8).
There is a stone staircase leading down here.
You reach down and open the door.
There is an open door here.
There is an open door here.
A hobgoblin comes into view.
c - a +0 hand axe (weapon)
{axe} A hobgoblin is nearby!
A hobgoblin is nearby!
A hobgoblin is nearby!
A hobgoblin is nearby!
A hobgoblin is nearby!
The hobgoblin shouts!
Casting: Summon Small Mammal (safe; 4% risk of failure)
Confirm with . or Enter, or press ? or * to list all spells.
😕 HP[-1]
You take 1 damage, and now have 14/15 hp.
Casting: Summon Small Mammal (safe; 4% risk of failure)
Confirm with . or Enter, or press ? or * to list all spells.
The hobgoblin hits your quokka but does no damage. 😕 HP[-1]
You take 1 damage, and now have 13/15 hp.
You are too injured to fight recklessly!
You swap places.
The hobgoblin closely misses you.
Your rat barely misses the hobgoblin.
You hit the hobgoblin. The hobgoblin closely misses you.
Your quokka completely misses the hobgoblin.
Your rat bites the hobgoblin.
You hit the hobgoblin.
You kill the hobgoblin! 😕 HP[+1]
You see here a hobgoblin corpse.
Your rat disappears in a puff of smoke!
You now have 30 gold pieces (gained 14).
You swap places.
A ball python comes into view. 😎 HP[+1]
Your hp is fully restored (15).
A ball python is nearby!
A ball python is nearby!
A ball python is nearby!
A ball python is nearby!
You barely miss the ball python. The ball python closely misses you. x2
You hit the ball python.
You kill the ball python!
You have reached level 2! 😎 HP[+6]
You now have 21 max hp (+6).
Your hp is fully restored (21).
Your quokka disappears in a puff of smoke!
A hobgoblin comes into view.
The hobgoblin moves out of view.
A hobgoblin is nearby!
A hobgoblin is nearby!
A hobgoblin is nearby!
An endoplasm and a hobgoblin come into view.
The hobgoblin hits you. 😕 HP[-2]
You take 2 damage, and now have 19/21 hp.
You hit the hobgoblin. The hobgoblin hits you.
The hobgoblin barely misses you. 😕 HP[-1]
You take 1 damage, and now have 18/21 hp.
Casting: Summon Small Mammal (safe; 4% risk of failure)
Confirm with . or Enter, or press ? or * to list all spells.
The hobgoblin shouts!
The endoplasm quivers.
The hobgoblin hits you. 😕 HP[-2]
You take 2 damage, and now have 16/21 hp.
Casting: Summon Small Mammal (safe; 4% risk of failure)
Confirm with . or Enter, or press ? or * to list all spells.
A ball python comes into view.
The hobgoblin hits you. The endoplasm hits you. 😮 HP[-5]
You take 5 damage, and now have 11/21 hp.
MASSIVE DAMAGE!! (PAUSE)
You hit the hobgoblin. You hit the endoplasm.
Your bat closely misses the hobgoblin. x2; Your rat misses the hobgoblin.
The hobgoblin hits you.
* * * LOW HITPOINT WARNING * * *
The endoplasm barely misses you. 😨 HP[-2]
You take 2 damage, and now have 9/21 hp.
Unknown command.
You barely miss the hobgoblin. You hit the endoplasm but do no damage.
Your bat closely misses the hobgoblin. x2
Your rat bites the hobgoblin but does no damage.
The hobgoblin hits you.
* * * LOW HITPOINT WARNING * * *
The endoplasm freezes you.
You are frozen.
You feel a terrible chill!
* * * LOW HITPOINT WARNING * * *
😱 HP[-8]
You take 8 damage, and now have 1/21 hp.
MASSIVE DAMAGE!! (PAUSE)
The endoplasm attacks as you move away! The endoplasm hits you.
You die...

Action                   || total
-------------------------++-------
Melee: Unarmed           ||     8
       Hand axe          ||     7
 Cast: Summon Small Mamm ||     8
Armor: Robe              ||     1
Dodge: Dodged            ||     9

Levels and vault maps discovered:
D:1:      giann_horns, layout_basic, minmay_tetromino_l2

Notes
Turn   | Place    | Note
-------+----------+-------------------------------------------
     0 | D:1      | spaghetti the Djinni Summoner began the quest for the Orb.
     0 | D:1      | Reached XP level 1. HP: 15/15 MP: 0/0
     0 | D:1      | magus.rc [v1.9.6]
    34 | D:1      | HP: 3/15 [endoplasm (2)]
   592 | D:1      | Reached XP level 2. HP: 21/21 MP: 0/0
   606 | D:1      | HP: 5/21 [hobgoblin (5)]
   606 | D:1      | HP: 1/21 [frozen (4)]
   607 | D:1      | Slain by an endoplasm

Vanquished Creatures
  2 ball pythons (D:1)
  2 endoplasms (D:1)
  A hobgoblin (D:1)
5 creatures vanquished.

Table legend:
 A = Non-vault XP
 B = Vault XP
 C = Vault XP percentage of total XP
 D = Non-vault monster count
 E = Vault monster count
 F = Vault count percentage of total count
                 A         B        C        D         E       F
            +---------+---------+-------+---------+---------+-------
      Total |       8 |       1 |  11.1 |       4 |       1 |  20.0
            +---------+---------+-------+---------+---------+-------
        D:1 |       8 |       1 |  11.1 |       4 |       1 |  20.0
            +---------+---------+-------+---------+---------+-------

Illustrated notes

Table legend:
 A = Kills in this place as a percentage of kills in entire the game.
 B = Kills by you in this place as a percentage of kills by you in the entire game.
 C = Kills by friends in this place as a percentage of kills by friends in the entire game.
 D = Other kills in this place as a percentage of other kills in the entire game.
 E = Experience gained in this place as a percentage of experience gained in the entire game.
 F = Experience gained in this place divided by the number of levels of this place that you have seen.
                   A       B       C       D       E      F
               +-------+-------+-------+-------+-------+----------------------
         Total | 100.0 | 100.0 |   N/A |   N/A | 100.0 |   9.0
       Dungeon | 100.0 | 100.0 |   N/A |   N/A | 100.0 |   9.0
               +-------+-------+-------+-------+-------+----------------------

Table legend: (Time is in decaauts)
 A = Elapsed time spent in this place.
 B = Non-inter-level travel time spent in this place.
 C = Inter-level travel time spent in this place.
 D = Time resting spent in this place.
 E = Time spent auto-exploring this place.
 F = Levels seen in this place.
 G = Mean time per level.
                   A        B        C        D        E       F      G
               +--------+--------+--------+--------+--------+-----+--------+
         Total |    608 |    608 |      0 |    404 |    151 |   1 |  608.0 |
       Dungeon |    608 |    608 |      0 |    404 |    151 |   1 |  608.0 |
               +--------+--------+--------+--------+--------+-----+--------+

Top non-repeatable levels by time:
     D:1: 608 daAuts
